 Dungeon Sprint DCSS version 0.30-a0-459-g9104f0fc43 (webtiles) character file.

Game seed: 2504110581493841891

25 BigDaddyOpFi the Sneak (level 3, -9/29 HPs)
             Began as an Octopode Monk on Dec 15, 2022.
             Was a Believer of Qazlal.
             Mangled by a merfolk
             ... wielding a +0 trident
              (25 damage)
             ... in the Dungeon (Sprint V: "Ziggurat Sprint").
             The game lasted 00:01:38 (105 turns).

BigDaddyOpFi the Sneak (Octopode Monk)               Turns: 105, Time: 00:01:38

Health: -9/29      AC:  1    Str: 24    XL:     3   Next: 6%
Magic:  3/3        EV:  9    Int: 24    God:    Qazlal [**....]
Gold:   0          SH:  0    Dex: 26    Spells: 2/2 levels left

rFire   . . .      SeeInvis .    D - +7 Screaming Sword {vorpal, sonic wave}
rCold   . . .      Faith    .    (no shield)
rNeg    . . .      Spirit   .    (helmet restricted)
rPois   .          Reflect  .    (no amulet)
rElec   .          Harm     .    s - ring of flight
rCorr   .          Rampage  .    t - +6 ring of dexterity
Will    .....      NoTele   +    u - +6 ring of dexterity
Stlth   ++++......               v - +6 ring of intelligence
HPRegen 0.24/turn                w - +6 ring of intelligence
MPRegen 0.08/turn                x - +6 ring of strength
                                 y - +6 ring of strength
                                 (no ring)

@: flying, held
A: almost no armour, amphibious, 8 rings, camouflage 1, gelatinous body 1,
(nimble swimmer 1), tentacles
a: Renounce Religion, Upheaval


You were in the Dungeon.
You worshipped Qazlal.
Qazlal was pleased with you.
You visited 1 branch

Inventory:

Hand Weapons
 m - the +27 heavy crossbow "Sniper" {vorpal, Acc+∞ SInv}
   (You found it in the Dungeon)

   Any ammunition fired from it inflicts extra damage upon your enemies.
   Any ammunition fired from it never misses its target.
   SInv:      It lets you see invisible.
 D - the +7 Screaming Sword (weapon) {vorpal, sonic wave}
   (You found it in the Dungeon)

   It inflicts extra damage upon your enemies.
   It radiates damaging sonic waves as it strikes, especially in combat
   involving dangerous or numerous foes.
Armour
 i - a +3 tower shield
Jewellery
 s - a ring of flight (left tentacle)
 t - a +6 ring of dexterity (right tentacle)
 u - a +6 ring of dexterity (on tentacle)
 v - a +6 ring of intelligence (on tentacle)
 w - a +6 ring of intelligence (on tentacle)
 x - a +6 ring of strength (on tentacle)
 y - a +6 ring of strength (on tentacle)
Wands
 z - a wand of mindburst (7)
 A - a wand of iceblast (7)
 B - a wand of quicksilver (7)
Scrolls
 h - 4 scrolls of blinking
 o - 4 scrolls of amnesia
 p - 7 scrolls of fog
 q - 5 scrolls of identify
 r - 2 scrolls of fear
Potions
 b - a potion of ambrosia
 c - 10 potions of curing
 d - 9 potions of heal wounds
 e - 6 potions of haste
 f - 7 potions of magic
 g - 3 potions of berserk rage
 j - 2 potions of brilliance
 k - 2 potions of invisibility
 l - 4 potions of resistance
 n - 5 potions of might
Miscellaneous
 C - a lightning rod (4/4)


   Skills:
 + Level 5.0 Fighting
 + Level 5.0 Short Blades
 + Level 5.0 Dodging
 + Level 6.3 Stealth


You had 2 spell levels left.
You didn't know any spells.
Your spell library was empty.

Dungeon Overview and Level Annotations

Branches:
Dungeon (1/1)

Altars:
Ashenzari
Cheibriados
Dithmenos
Elyvilon
Fedhas
Gozag
Hepliaklqana
Kikubaaqudgha
Makhleb
Nemelex Xobeh
Okawaru
Qazlal
Ru
Sif Muna
Trog
Uskayaw
Vehumet
Wu Jian
Xom
Yredelemnul
Zin
The Shining One
Jiyva
Lugonu

Annotations:
D 1 transporter


Innate Abilities, Weirdness & Mutations

You cannot wear most types of armour.
You are amphibious.
You can wear up to eight rings at the same time.
Your skin changes colour to match your surroundings (Stealth+).
Your rubbery body absorbs attacks. (AC +1, EV +1)
((You are camouflaged when in or above water. (Stealth+)))
You have tentacles for arms and can constrict up to eight enemies at once.


Message History

You shoot a bolt. The bolt hits the adder!!
You kill the adder!
Qazlal accepts your kill.
Your Fighting skill increases to level 5!
Your Short Blades skill increases to level 5!
Your Dodging skill increases to level 5!
You have reached level 3!
Your experience leads to an increase in your attributes!
Your base attributes are Str 10, Int 12, Dex 14.
Increase (S)trength, (I)ntelligence, or (D)exterity?
You feel stronger. x2
You see here a staff of conjuration.
You start resting.
HP restored.
There is a transporter here.
Welcome to arena 2.
You enter the transporter and appear at another place. 3 merfolk come into view.
The merfolk shouts!
Found a ring of fire, a condenser vane and a scroll of fog.
Found a transporter.
Fire: m) +27 heavy crossbow "Sniper" {vorpal, Acc+∞ SInv}
Press: ? - help, Q - select action, (/) - cycle Shift-Dir - straight line, f - merfolk
Aim: a merfolk, wielding a +0 trident (wandering, hasn't noticed you, 100% to hit)
You shoot a bolt. The merfolk shouts!
The bolt hits the merfolk!!
The merfolk is heavily wounded.
The merfolk throws a throwing net.
The throwing net hits you.
You become entangled in the net!
The merfolk hits you from afar with a +0 trident! x2
* * * LOW HITPOINT WARNING * * *
You cannot shoot with your heavy crossbow "Sniper" while held in a net.
You feel much better. The merfolk closely misses you. x2
The merfolk hits you from afar with a +0 trident!
The sword says, "Hi!
I'm the Singing Sword!"
D - the +7 Singing Sword (weapon)
{vorpal, sonic wave} The merfolk hits you from afar with a +0 trident!!
Ouch! That really hurt!
You die...

▓▓▓▓▓▓▓▓▓▓▓▓▓
▓.8©8.▓.8©8.▓
▓.?=}.▓.....▓
▓.....▓.|.|.▓
▓.....▓.....▓
▓.mmm.▓.....▓
▓.....▓..©..▓
▓..@§.▓▓▓▓▓▓▓
▓▓▓▓▓▓▓


You could see 3 merfolk.

Vanquished Creatures
  2 adders (D)
2 creatures vanquished.

Notes
Turn   | Place    | Note
-------+----------+-------------------------------------------
     0 | D        | BigDaddyOpFi the Octopode Monk began the quest for the Orb.
     0 | D        | Reached XP level 1. HP: 16/16 MP: 1/1
     2 | D        | Found a blossoming altar of Fedhas.
     2 | D        | Found the +6 Majin-Bo {vamp, MP+6 Int+6}
     2 | D        | Found the +27 heavy crossbow "Sniper" {vorpal, Acc+∞ SInv}
     2 | D        | Found the +10 dark maul {vorpal}
     2 | D        | Found the +15 Maxwell's patent armour {-Cast -Tele rElec
                  | Will+ rCorr}
     2 | D        | Found the +18 shield of the Gong {rElec rN+ Will+ EV-5}
     2 | D        | Found the +14 obsidian axe {vorpal, Mesm Drain Fly SInv}
     2 | D        | Found the +7 great mace "Firestarter" {inner flame, rF++}
     2 | D        | Found the +6 shillelagh "Devastator" {shatter}
     2 | D        | Found the +11 plutonium sword {Contam Stlth-}
     2 | D        | Found the +8 lance "Wyrmbane" {slay drac, rPois rF+ rC+
                  | AC+3}
     2 | D        | Found the +9 sword of Zonguldrok {reap}
     2 | D        | Found the +13 scythe of Curses {drain, Drain}
     2 | D        | Found the +5 sword of Power {vorpal}
     2 | D        | Found the +7 mace of Variability {chain chaos}
     2 | D        | Found the +7 Singing Sword {vorpal, sonic wave}
     2 | D        | Found the +8 storm bow {elec, penet}
     6 | D        | Found a shimmering blue altar of Sif Muna.
     6 | D        | Found a sacrificial altar of Ru.
     6 | D        | Found a bloodstained altar of Trog.
     6 | D        | Found a stormy altar of Qazlal.
     6 | D        | Found an iron altar of Okawaru.
     6 | D        | Found a sparkling altar of Nemelex Xobeh.
     8 | D        | Found a transporter.
     8 | D        | Found an ancient bone altar of Kikubaaqudgha.
     8 | D        | Found a viscous altar of Jiyva.
     8 | D        | Found a corrupted altar of Lugonu.
     8 | D        | Found a hazy altar of Hepliaklqana.
     8 | D        | Found a burning altar of Makhleb.
     8 | D        | Found an opulent altar of Gozag.
    29 | D        | Reached skill level 5 in Stealth
    29 | D        | Reached XP level 2. HP: 23/23 MP: 2/2
    66 | D        | Became a worshipper of Qazlal Stormbringer
    66 | D        | Reached * piety under Qazlal
    66 | D        | Reached ** piety under Qazlal
    81 | D        | Entered arena 2.
    81 | D        | Found a transporter.
    83 | D        | Reached skill level 6 in Stealth
    84 | D        | Reached skill level 5 in Fighting
    84 | D        | Reached skill level 5 in Short Blades
    84 | D        | Reached skill level 5 in Dodging
    84 | D        | Reached XP level 3. HP: 25/29 MP: 3/3
   102 | D        | Entered arena 3.
   102 | D        | Noticed a merfolk
   102 | D        | Noticed a merfolk
   102 | D        | Noticed a merfolk
   102 | D        | Found a transporter.
   105 | D        | Mangled by a merfolk

Illustrated notes

Levels and vault maps discovered:
D:        sprint_v [room_start, room_1, room_2, room_3, room_4, room_5, room_6,
          room_7, room_8, room_9, room_10, room_11, room_12, room_13, room_14,
          room_15, room_16, room_17, room_18, room_19, room_20, room_21,
          room_22, room_23, room_24, room_25, room_26, room_27]

Skill      XL: |  1  2 |
---------------+-------+-----
Fighting       | 4 5 |  5.0
Short Blades   | 4 5 |  5.0
Dodging        | 4 5 |  5.0
Stealth        | 5 6 |  6.3

Action                   || total
-------------------------++-------
 Fire: Heavy crossbow    ||     3
  Use: Potion            ||     2
Dodge: Dodged            ||     3

Table legend: (Time is in decaauts)
 A = Elapsed time spent in this place.
 B = Non-inter-level travel time spent in this place.
 C = Inter-level travel time spent in this place.
 D = Time resting spent in this place.
 E = Time spent auto-exploring this place.
 F = Levels seen in this place.
 G = Mean time per level.
                   A        B        C        D        E       F      G
               +--------+--------+--------+--------+--------+-----+--------+
         Total |    106 |    106 |      0 |      9 |      0 |   1 |  106.0 |
       Dungeon |    106 |    106 |      0 |      9 |      0 |   1 |  106.0 |
               +--------+--------+--------+--------+--------+-----+--------+

Top non-repeatable levels by time:
       D: 106 daAuts
